 Dungeon Crawl Stone Soup version 0.25-a0-972-g74ed164fb1 (webtiles) character file.

Game seed: 16903488817313249968, levelgen mode: deterministic

8 Chiseanne the Skirmisher (level 2, 4/25 HPs)
             Began as a Demonspawn Wanderer on May 8, 2020.
             Quit the game on level 1 of the Dungeon.
             The game lasted 00:00:25 (96 turns).

Chiseanne the Skirmisher (Demonspawn Wanderer)        Turns: 96, Time: 00:00:26

Health: 4/25       AC:  2    Str:  9    XL:     2   Next: 0%
Magic:  2/2        EV: 12    Int: 15    God:
Gold:   0          SH:  0    Dex: 13    Spells: 1/1 levels left

rFire    . . .     SeeInvis .   a - +2 dagger
rCold    . . .     Gourm    .   (no shield)
rNeg     . . .     Faith    .   e - +0 robe
rPois    .         Spirit   .   (helmet restricted)
rElec    .         Reflect  .   (no cloak)
rCorr    .         Harm     .   (no gloves)
MR       .....                  (no boots)
Stlth    ++........             (no amulet)
HPRegen  0.08/turn              (no ring)
MPRegen  0.08/turn              (no ring)

@: no status effects
A: horns 1
a: no special abilities


You were on level 1 of the Dungeon.
You were not hungry.

You visited 1 branch of the dungeon, and saw 1 of its levels.

Inventory:

Hand Weapons
 a - a +2 dagger (weapon)
 c - a +0 hand axe
 i - a cursed -2 mace
Missiles
 b - 2 curare-tipped darts (quivered)
Armour
 e - a +0 robe (worn)
Scrolls
 j - a scroll of immolation {unknown}
Potions
 d - a potion of curing
 g - a potion of flight {unknown}
Comestibles
 f - a ration
 h - a chunk of flesh


   Skills:
 * Level 4.2 Fighting
   Level 1.0 Bows
 - Level 1.0 Throwing
 - Level 1.0 Armour
 * Level 1.0 Dodging
 - Level 2.6 Stealth


You had one spell level left.
You didn't know any spells.
Your spell library was empty.

Dungeon Overview and Level Annotations

Branches:
Dungeon (1/15)

Altars:


Innate Abilities, Weirdness & Mutations

You have a pair of small horns on your head.


Message History

The bat is severely wounded.
The bat barely misses you. The frilled lizard barely misses you.
The bat barely misses you. The frilled lizard bites you.
You completely miss the frilled lizard. The bat closely misses you.
The frilled lizard bites you.
You hit the frilled lizard.
The frilled lizard is heavily wounded.
The bat hits you.
* * * LOW HITPOINT WARNING * * *
The frilled lizard closely misses you. The bat barely misses you.
The frilled lizard bites you.
* * * LOW HITPOINT WARNING * * *
You hit the frilled lizard.
You kill the frilled lizard!
Your Dodging skill increases to level 1!
You have reached level 2!
Your demonic ancestry asserts itself...
A pair of horns grows on your head! The bat hits you but does no damage.
Are you sure you want to abandon this character and quit the game? (Confirm with "yes".)

.......# ##.## ....##.#
#..># ...###.# #...#
#.####.###### #...#
##..........# #...#
.#.###....#.#####...#####
.#.# #.##.#......†.......
..[# #.#.................
.### #.#.##.....@........
.# #.#.##.###.#...#.###
.# #......# #.#.b.# #
.#######.#### #.#...#
.........# #.#...#
÷######### #...... .#
###...## .# .... ##


You could see a bat.

Vanquished Creatures
  A dart slug (D:1)
  A giant cockroach (D:1)
  A kobold (D:1)
  2 frilled lizards (D:1)
  2 rats (D:1)
7 creatures vanquished.

Notes
Turn   | Place    | Note
-------+----------+-------------------------------------------
     0 | D:1      | Chiseanne the Demonspawn Wanderer began the quest for the
                  | Orb.
     0 | D:1      | Chiseanne set off with the following items: a +2 dagger, 2
                  | curare-tipped darts, a +0 hand axe, a potion of curing, a
                  | +0 robe, a ration
     0 | D:1      | Reached XP level 1. HP: 19/19 MP: 1/1
     7 | D:1      | Noticed a redback
     7 | D:1      | Noticed a black bear
     7 | D:1      | Noticed an eight-headed hydra
     7 | D:1      | Noticed an anaconda
    95 | D:1      | Reached skill level 1 in Dodging
    95 | D:1      | Gained mutation: You have a pair of small horns on your
                  | head. [demonic ancestry]
    95 | D:1      | Reached XP level 2. HP: 4/25 MP: 2/2
    96 | D:1      | Quit the game

Illustrated notes

Levels and vault maps discovered:
D:1:      onia_arrival_zoo_common, layout_loops_cross

Skill      XL: |  1 |
---------------+----+-----
Dodging        | 1 |  1.0
Fighting       | |  4.2
Bows           | |  1.0
Throwing       | |  1.0
Armour         | |  1.0
Stealth        | |  2.6

Action                   || total
-------------------------++-------
Melee: Dagger            ||    20
 Stab: Sleeping          ||     2
Armor: Robe              ||     9
Dodge: Dodged            ||    19

Table legend:
 A = Non-vault XP
 B = Vault XP
 C = Vault XP percentage of total XP
 D = Non-vault monster count
 E = Vault monster count
 F = Vault count percentage of total count
                 A         B        C        D         E       F
            +---------+---------+-------+---------+---------+-------
      Total |      12 |       0 |   0.0 |       7 |       0 |   0.0
            +---------+---------+-------+---------+---------+-------
        D:1 |      12 |       0 |   0.0 |       7 |       0 |   0.0
            +---------+---------+-------+---------+---------+-------
